Flames vs Sharks
Created - November 28, 2023 at 19:01
Goals
|
| Flames |
0 |
0 |
2 |
2 |
| Sharks |
0 |
2 |
1 |
3 |
|
Shots
|
| Flames |
7 |
3 |
15 |
25 |
| Sharks |
3 |
18 |
7 |
28 |
|
1st period
No Goal
Penalties :
Erik Johnson (Cal) for Charging (Minor) at 17:09
2nd period
1. Sharks , Oscar Sundqvist 4 (Conor Sheary 7, Tyler Cuma 6) at 0:40
2. Sharks , Wayne Simmonds 8 (Markus Nutivaara 6, Boone Jenner 11) at 16:54
Penalties :
Brad Marchand (Cal) for Roughing (Minor) at 11:10, Kevin Labanc (Cal) for Holding (Minor) at 19:06
3rd period
3. Flames , Bryan Rust 6 (Eric Staal 13) at 0:30
4. Flames , Esa Lindell 2 (Christian Folin 5, Jimmy Hayes 13) at 19:20 (PP)
5. Sharks , Drew Doughty 5 (Beau Bennett 3, Brendan Gaunce 7) at 19:36
Penalties :
Mike Lundin (S.J) for High sticking (Minor) at 0:28, Wayne Simmonds (S.J) for Tripping (Minor) at 19:04
Goalie Stats
Christopher Gibson (Cal), 25 saves from 28 shots - (0.893), L, 5-3-0, 59:42 minutes
Philipp Grubauer (S.J), 23 saves from 25 shots - (0.920), W, 8-5-2, 60:00 minutes
Players Stats for Flames
Player Name G A P +/- PIM S H SB GA TA FO MP PP MP PK MP
------------------------------------------------------------------------------------
Anders Lee 0 0 0 0 0 1 1 0 0 0 1/1 9:30 0:00 0:50
Brad Marchand 0 0 0 -1 2 5 3 1 0 1 0/0 20:13 0:00 2:12
Bryan Rust 1 0 1 0 0 6 0 0 0 0 1/2 20:27 0:00 1:48
Christian Folin 0 1 1 0 0 1 1 0 0 3 0/0 19:48 1:16 2:03
Colby Robak 0 0 0 0 0 0 1 2 0 0 0/0 13:43 0:00 1:22
Colin Wilson 0 0 0 -1 0 0 0 0 0 0 1/4 11:24 0:00 0:00
David Savard 0 0 0 0 0 1 1 2 0 0 0/0 12:51 0:00 0:35
David Ullstrom 0 0 0 0 0 1 0 0 0 0 0/0 9:46 0:00 1:19
Eric Staal 0 1 1 0 0 0 4 0 0 0 17/28 19:56 0:54 0:39
Erik Johnson 0 0 0 -2 2 1 2 4 1 2 0/0 27:04 0:22 2:42
Esa Lindell 1 0 1 0 0 3 2 1 0 1 0/0 17:46 1:16 0:00
Jake DeBrusk 0 0 0 -1 0 0 3 0 1 0 0/0 12:52 0:44 0:28
Jimmy Hayes 0 1 1 -1 0 2 4 1 0 0 1/2 15:33 0:54 0:00
Kevin Labanc 0 0 0 -1 2 2 2 0 0 0 0/0 12:00 0:44 0:00
Kyle Palmieri 0 0 0 0 0 0 1 0 0 1 0/0 8:25 0:00 0:00
Patrik Berglund 0 0 0 -1 0 0 1 1 0 0 8/13 18:48 0:44 3:24
Sami Vatanen 0 0 0 -2 0 1 2 2 0 1 0/0 28:20 0:22 3:58
Tanner Pearson 0 0 0 -1 0 1 1 0 0 0 0/1 15:33 0:54 0:00
Players Stats for Sharks
Player Name G A P +/- PIM S H SB GA TA FO MP PP MP PK MP
------------------------------------------------------------------------------------
Andreas Martinsen 0 0 0 1 0 0 0 0 0 0 0/0 12:17 0:00 0:24
Beau Bennett 0 1 1 1 0 2 1 0 2 0 0/1 11:56 0:00 0:00
Boone Jenner 0 1 1 0 0 3 1 0 2 1 11/26 23:04 3:07 0:51
Brendan Gaunce 0 1 1 1 0 1 2 0 0 1 4/4 12:28 0:00 0:24
Connor Murphy 0 0 0 1 0 0 2 0 0 0 0/0 12:54 0:00 0:00
Conor Sheary 0 1 1 1 0 2 0 0 0 0 0/0 15:35 2:13 0:00
Daniel Carcillo 0 0 0 0 0 3 0 0 0 0 0/0 9:05 0:00 0:00
Dion Phaneuf 0 0 0 1 0 1 1 0 0 0 0/0 18:22 1:31 0:10
Drew Doughty 1 0 1 0 0 3 1 3 0 0 0/0 28:34 3:49 1:28
Gustav Nyquist 0 0 0 0 0 0 0 1 0 0 2/3 9:15 0:00 0:00
Markus Nutivaara 0 1 1 1 0 1 0 0 0 0 0/0 12:58 0:00 0:57
Mike Lundin 0 0 0 1 2 1 2 0 0 0 0/0 27:01 3:48 0:16
Oscar Sundqvist 1 0 1 1 0 3 0 1 2 0 3/13 16:02 2:13 0:23
Ronalds Kenins 0 0 0 0 0 3 2 0 1 0 1/1 22:50 3:07 0:51
Tyler Cuma 0 1 1 0 0 0 1 0 1 0 0/0 18:59 1:31 0:25
Vince Hinostroza 0 0 0 0 0 0 2 0 0 0 0/0 9:04 0:00 0:00
Wayne Simmonds 1 0 1 1 2 3 1 0 0 0 1/3 21:21 3:07 0:00
Zach Parise 0 0 0 1 0 2 0 0 1 0 0/0 15:58 2:13 0:23
3 Stars
1 - Oscar Sundqvist (S.J)
2 - Drew Doughty (S.J)
3 - Esa Lindell (Cal)
Power Play
Flames - 1 on 2 Attempt(s) - 50.00%
Sharks - 0 on 4 Attempt(s) - 0.00%
Penalty Kill
Flames - 4 on 4 Attempt(s) - 100.00%
- Score 0 goal in Penalty Kill
Sharks - 1 on 2 Attempt(s) - 50.00%
- Score 0 goal in Penalty Kill
Team Stat
Flames - Hits : 29 - Faceoff Wins : 29 - Blocked Shots : 14 - Penalty Minutes : 6
Sharks - Hits : 16 - Faceoff Wins : 22 - Blocked Shots : 5 - Penalty Minutes : 4
Official
Referees : Dan Kelly and Reid Anderson
Linesman : Devin Berg and Vaughan Rody
Game Notes
6:01 of 2nd period - Penalty Shot by Erik Johnson for Flames - Stopped by Philipp Grubauer
19:36 of 3rd period - Sharks goal is going for a video replay. After video review, Goal.
Finance
Level 1 -- Attendance: 5898 (98.30%) -- Ticket Income $589,800
Level 2 -- Attendance: 4662 (93.24%) -- Ticket Income $279,720
Level 3 -- Attendance: 1834 (91.70%) -- Ticket Income $64,190
Level 4 -- Attendance: 3840 (96.00%) -- Ticket Income $96,000
Luxury Box -- Attendance: 975 (97.50%) -- Ticket Income $195,000
Game was played at the SAP Center.
Total Attendance: 17209 (95.61%)
Total Ticket Income: $1,224,710
Other Income: $183,706
Total Income: $1,408,416
Flames
5 vs 5 Forward
Center Left Wing Right Wing Time % Phy DF OF
1 Eric Staal Brad Marchand Bryan Rust 40 1 2 2
2 Patrik Berglund Tanner Pearson Jimmy Hayes 30 1 2 2
3 Colin Wilson Jake DeBrusk Kevin Labanc 20 1 2 2
4 Anders Lee David Ullstrom Kyle Palmieri 10 1 2 2
5 vs 5 Defense
Defense Defense Time % Phy DF OF
1 Erik Johnson Sami Vatanen 40 1 2 2
2 Esa Lindell Christian Folin 30 1 2 2
3 Colby Robak David Savard 20 1 2 2
4 Erik Johnson Sami Vatanen 10 1 2 2
PowerPlay Forward
Center Left Wing Right Wing Time % Phy DF OF
1 Eric Staal Tanner Pearson Jimmy Hayes 60 1 2 2
2 Patrik Berglund Jake DeBrusk Kevin Labanc 40 1 2 2
PowerPlay Defense
Defense Defense Time % Phy DF OF
1 Erik Johnson Sami Vatanen 60 1 2 2
2 Esa Lindell Christian Folin 40 1 2 2
Penalty Kill 4 Players Forward
Center Wing Time % Phy DF OF
1 Patrik Berglund Brad Marchand 60 1 2 2
2 Eric Staal Bryan Rust 40 1 2 2
Penalty Kill 4 Players Defense
Defense Defense Time % Phy DF OF
1 Erik Johnson Sami Vatanen 60 1 2 2
2 Colby Robak Christian Folin 40 1 2 2
Penalty Kill - 3 Players Forward
Forward Time % Phy DF OF
1 Eric Staal 60 1 2 2
2 Patrik Berglund 40 1 2 2
Penalty Kill - 3 Players Defense
Defense Defense Time % Phy DF OF
1 Erik Johnson Sami Vatanen 60 1 2 2
2 Colby Robak Christian Folin 40 1 2 2
4 vs 4 Forward
Center Wing Time % Phy DF OF
1 Eric Staal Bryan Rust 60 1 2 2
2 Patrik Berglund Brad Marchand 40 1 2 2
4 vs 4 Defense
Defense Defense Time % Phy DF OF
1 Erik Johnson Sami Vatanen 60 1 2 2
2 Esa Lindell Christian Folin 40 1 2 2
Last Minutes Offensive
Center Left Wing Right Wing Defense Defense
Eric Staal Brad Marchand Bryan Rust Erik Johnson Sami Vatanen
Last Minutes Defensive
Center Left Wing Right Wing Defense Defense
Eric Staal Brad Marchand Bryan Rust Erik Johnson Sami Vatanen
Goaltenders
Starting : Christopher Gibson
Backup : Henrik Lundqvist
Extra Forwards
Normal : Tanner Pearson, Jimmy Hayes, Patrik Berglund - PP : Jake DeBrusk, Anders Lee - PK : Bryan Rust
Extra Defensemen
Normal : Colby Robak, Esa Lindell, Christian Folin - PP : Esa Lindell - PK : Christian Folin, David Savard
Penalty Shots
Eric Staal, Tanner Pearson, Jimmy Hayes, Kyle Palmieri, Patrik Berglund
Custom OT Lines Forwards
Eric Staal, Tanner Pearson, Patrik Berglund, Jimmy Hayes, Bryan Rust, Brad Marchand, Colin Wilson, Jake DeBrusk, Kevin Labanc, Kyle Palmieri
Custom OT Lines Defensemen
Erik Johnson, Sami Vatanen, Christian Folin, Esa Lindell, Colby Robak
Scratches
Chris Brown (Healthy), Mathieu Brodeur (Healthy), Matthew Nieto (Healthy), Victor Rask (Healthy)
Sharks
5 vs 5 Forward
Center Left Wing Right Wing Time % Phy DF OF
1 Boone Jenner Ronalds Kenins Wayne Simmonds 40 0 2 3
2 Oscar Sundqvist Zach Parise Conor Sheary 30 0 2 3
3 Brendan Gaunce Andreas Martinsen Beau Bennett 20 0 2 3
4 Gustav Nyquist Daniel Carcillo Vince Hinostroza 10 1 2 2
5 vs 5 Defense
Defense Defense Time % Phy DF OF
1 Drew Doughty Mike Lundin 40 0 2 3
2 Dion Phaneuf Tyler Cuma 30 0 2 3
3 Markus Nutivaara Connor Murphy 20 1 2 2
4 Drew Doughty Mike Lundin 10 1 2 2
PowerPlay Forward
Center Left Wing Right Wing Time % Phy DF OF
1 Boone Jenner Ronalds Kenins Wayne Simmonds 60 0 2 3
2 Oscar Sundqvist Zach Parise Conor Sheary 40 0 2 3
PowerPlay Defense
Defense Defense Time % Phy DF OF
1 Drew Doughty Mike Lundin 60 0 2 3
2 Dion Phaneuf Tyler Cuma 40 0 2 3
Penalty Kill 4 Players Forward
Center Wing Time % Phy DF OF
1 Boone Jenner Ronalds Kenins 60 1 4 0
2 Oscar Sundqvist Zach Parise 40 1 4 0
Penalty Kill 4 Players Defense
Defense Defense Time % Phy DF OF
1 Drew Doughty Mike Lundin 60 1 4 0
2 Dion Phaneuf Tyler Cuma 40 1 4 0
Penalty Kill - 3 Players Forward
Forward Time % Phy DF OF
1 Boone Jenner 60 1 4 0
2 Oscar Sundqvist 40 1 4 0
Penalty Kill - 3 Players Defense
Defense Defense Time % Phy DF OF
1 Drew Doughty Mike Lundin 60 1 4 0
2 Dion Phaneuf Tyler Cuma 40 1 4 0
4 vs 4 Forward
Center Wing Time % Phy DF OF
1 Boone Jenner Ronalds Kenins 60 1 2 2
2 Oscar Sundqvist Zach Parise 40 1 2 2
4 vs 4 Defense
Defense Defense Time % Phy DF OF
1 Drew Doughty Mike Lundin 60 1 2 2
2 Dion Phaneuf Tyler Cuma 40 1 2 2
Last Minutes Offensive
Center Left Wing Right Wing Defense Defense
Boone Jenner Ronalds Kenins Wayne Simmonds Drew Doughty Mike Lundin
Last Minutes Defensive
Center Left Wing Right Wing Defense Defense
Boone Jenner Ronalds Kenins Wayne Simmonds Drew Doughty Mike Lundin
Goaltenders
Starting : Philipp Grubauer
Backup : Malcolm Subban
Extra Forwards
Normal : Boone Jenner, Oscar Sundqvist, Beau Bennett - PP : Boone Jenner, Oscar Sundqvist - PK : Boone Jenner
Extra Defensemen
Normal : Tyler Cuma, Markus Nutivaara, Connor Murphy - PP : Tyler Cuma - PK : Tyler Cuma, Markus Nutivaara
Penalty Shots
Ronalds Kenins, Wayne Simmonds, Conor Sheary, Zach Parise, Boone Jenner
Custom OT Lines Forwards
Ronalds Kenins, Wayne Simmonds, Conor Sheary, Zach Parise, Boone Jenner, Oscar Sundqvist, Beau Bennett, Andreas Martinsen, Daniel Carcillo, Brendan Gaunce
Custom OT Lines Defensemen
Drew Doughty, Mike Lundin, Dion Phaneuf, Tyler Cuma, Markus Nutivaara
Scratches
Arturs Kulda (Healthy), Brandon Kozun (Healthy), MacKenzie Weegar (Healthy)
% Time on Ice - Flames
Lines # - Real PCT - Wanted PCT - Time Play
Normal Forward
1 - 34% - 40% - 17:38
2 - 28% - 30% - 14:39
3 - 22% - 20% - 11:17
4 - 16% - 10% - 8:25
Normal Defense
1 - 39% - 40% - 20:28
2 - 31% - 30% - 16:22
3 - 24% - 20% - 12:16
4 - 6% - 10% - 2:53
PP Forward
1 - 55% - 60% - 0:54
2 - 45% - 40% - 0:44
PP Defense
1 - 22% - 60% - 0:22
2 - 78% - 40% - 1:16
PK Forward
1 - 88% - 60% - 4:41
2 - 12% - 40% - 0:39
PK Defense
1 - 74% - 60% - 3:58
2 - 26% - 40% - 1:22
PK3 Forward
1 - 0% - 60%
2 - 0% - 40%
PK3 Defense
1 - 0% - 60%
2 - 0% - 40%
44 Forward
1 - 100% - 60% - 0:37
2 - 0% - 40% - 0:00
44 Defense
1 - 81% - 60% - 0:30
2 - 19% - 40% - 0:07
Last Minute Offensive - 0:26
Last Minute Defensive - 0:00
Total
Forward - 60:00
Defense - 60:00
|
% Time on Ice - Sharks
Lines # - Real PCT - Wanted PCT - Time Play
Normal Forward
1 - 34% - 40% - 17:35
2 - 26% - 30% - 13:32
3 - 23% - 20% - 11:47
4 - 17% - 10% - 8:48
Normal Defense
1 - 39% - 40% - 20:19
2 - 31% - 30% - 16:00
3 - 25% - 20% - 13:05
4 - 4% - 10% - 2:18
PP Forward
1 - 58% - 60% - 3:07
2 - 42% - 40% - 2:13
PP Defense
1 - 72% - 60% - 3:49
2 - 28% - 40% - 1:31
PK Forward
1 - 77% - 60% - 1:15
2 - 23% - 40% - 0:23
PK Defense
1 - 90% - 60% - 1:28
2 - 10% - 40% - 0:10
PK3 Forward
1 - 0% - 60%
2 - 0% - 40%
PK3 Defense
1 - 0% - 60%
2 - 0% - 40%
44 Forward
1 - 100% - 60% - 0:37
2 - 0% - 40% - 0:00
44 Defense
1 - 100% - 60% - 0:37
2 - 0% - 40% - 0:00
Last Minute Offensive - 0:00
Last Minute Defensive - 0:43
Total
Forward - 60:00
Defense - 60:00
|
Play-by-Play
1st period
0:01 of 1st period - Boone Jenner wins face-off versus Eric Staal in neutral zone.
0:08 of 1st period - Slapshot by Drew Doughty.
0:08 of 1st period - Stopped by Christopher Gibson without a rebound.
0:09 of 1st period - Eric Staal wins face-off versus Boone Jenner in Flames zone.
0:58 of 1st period - Slapshot by Bryan Rust.
0:58 of 1st period - Shot Misses the Net.
1:00 of 1st period - Wrist shot by Bryan Rust.
1:00 of 1st period - Stopped by Philipp Grubauer with a rebound.
1:02 of 1st period - Wrist shot by Bryan Rust.
1:02 of 1st period - Shot Blocked by Drew Doughty.
1:14 of 1st period - Slapshot by Boone Jenner.
1:14 of 1st period - Stopped by Christopher Gibson with a rebound.
2:32 of 1st period - Wrist shot by Brad Marchand.
2:32 of 1st period - Stopped by Philipp Grubauer with a rebound.
2:34 of 1st period - Slapshot by Sami Vatanen.
2:34 of 1st period - Stopped by Philipp Grubauer without a rebound.
2:35 of 1st period - Patrik Berglund wins face-off versus Oscar Sundqvist in Sharks zone.
4:09 of 1st period - Conor Sheary is hit by Kevin Labanc and loses puck.
4:18 of 1st period - Slapshot by Oscar Sundqvist.
4:18 of 1st period - Stopped by Christopher Gibson with a rebound.
4:20 of 1st period - Snap shot by Oscar Sundqvist.
4:20 of 1st period - Shot Blocked by Esa Lindell.
9:49 of 1st period - Colin Wilson is hit by Connor Murphy.
9:59 of 1st period - Connor Murphy is hit by Christian Folin and loses puck.
10:30 of 1st period - Andreas Martinsen is hit by Jake DeBrusk and loses puck.
10:47 of 1st period - Ronalds Kenins is hit by Jimmy Hayes and loses puck.
11:36 of 1st period - Brendan Gaunce is hit by Eric Staal and loses puck.
12:09 of 1st period - Dion Phaneuf is hit by Kevin Labanc and loses puck.
12:31 of 1st period - Connor Murphy is hit by Jimmy Hayes and loses puck.
12:44 of 1st period - Wayne Simmonds is hit by Eric Staal and loses puck.
13:10 of 1st period - Daniel Carcillo is hit by Jake DeBrusk and loses puck.
14:44 of 1st period - Kyle Palmieri is hit by Ronalds Kenins and loses puck.
14:55 of 1st period - Dion Phaneuf is hit by Erik Johnson and loses puck.
15:22 of 1st period - Wrist shot by Ronalds Kenins.
15:22 of 1st period - Shot Blocked by Patrik Berglund.
15:34 of 1st period - Tanner Pearson is hit by Vince Hinostroza and loses puck.
15:49 of 1st period - Slapshot by Kevin Labanc.
15:49 of 1st period - Stopped by Philipp Grubauer without a rebound.
15:50 of 1st period - Brendan Gaunce wins face-off versus Colin Wilson in Sharks zone.
15:50 of 1st period - Brendan Gaunce is hit by Esa Lindell.
16:03 of 1st period - Wrist shot by Kevin Labanc.
16:03 of 1st period - Stopped by Philipp Grubauer with a rebound.
16:29 of 1st period - Wayne Simmonds is hit by Brad Marchand and loses puck.
16:40 of 1st period - Oscar Sundqvist is hit by Anders Lee and loses puck.
16:45 of 1st period - Snap shot by Anders Lee.
16:45 of 1st period - Deflect By Drew Doughty.
16:45 of 1st period - Stopped by Philipp Grubauer without a rebound.
16:46 of 1st period - Oscar Sundqvist wins face-off versus Tanner Pearson in Sharks zone.
17:09 of 1st period - Minor Penalty to Erik Johnson for Charging.
17:10 of 1st period - Patrik Berglund wins face-off versus Boone Jenner in Flames zone.
17:10 of 1st period - Patrik Berglund is hit by Boone Jenner.
17:22 of 1st period - Wrist shot by Brad Marchand.
17:22 of 1st period - Stopped by Philipp Grubauer without a rebound.
17:23 of 1st period - Boone Jenner wins face-off versus Patrik Berglund in Sharks zone.
19:09 of 1st period - Penalty to Erik Johnson is over, Erik Johnson is back on ice.
19:14 of 1st period - Oscar Sundqvist is hit by Erik Johnson and loses puck.
19:56 of 1st period - Wrist shot by Beau Bennett.
19:56 of 1st period - Shot Blocked by Colby Robak.
Goals for this period are 0 for Flames vs 0 for Sharks.
Shots for this period are 7 for Flames vs 3 for Sharks.
2nd period
0:01 of 2nd period - Boone Jenner wins face-off versus Eric Staal in neutral zone.
0:10 of 2nd period - Snap shot by Ronalds Kenins.
0:10 of 2nd period - Shot Misses the Net.
0:40 of 2nd period - Wrist shot by Oscar Sundqvist.
0:40 of 2nd period - Goal by Oscar Sundqvist - Flames : 0 - Sharks : 1.
0:41 of 2nd period - Boone Jenner wins face-off versus Eric Staal in neutral zone.
0:58 of 2nd period - Ronalds Kenins is hit by Brad Marchand and loses puck.
1:09 of 2nd period - Jimmy Hayes is hit by Mike Lundin and loses puck.
2:04 of 2nd period - Slapshot by Daniel Carcillo.
2:04 of 2nd period - Stopped by Christopher Gibson without a rebound.
2:05 of 2nd period - Boone Jenner wins face-off versus Eric Staal in Flames zone.
2:38 of 2nd period - Wrist shot by Zach Parise.
2:38 of 2nd period - Stopped by Christopher Gibson without a rebound.
2:39 of 2nd period - Boone Jenner wins face-off versus Patrik Berglund in Flames zone.
2:44 of 2nd period - Snap shot by Ronalds Kenins.
2:44 of 2nd period - Stopped by Christopher Gibson with a rebound.
3:04 of 2nd period - Bryan Rust is hit by Dion Phaneuf and loses puck.
3:27 of 2nd period - Kevin Labanc is hit by Brendan Gaunce and loses puck.
3:49 of 2nd period - Slapshot by Christian Folin.
3:49 of 2nd period - Deflect By Jake DeBrusk.
3:49 of 2nd period - Shot Hit the Post.
3:49 of 2nd period - Puck is out of play.
3:50 of 2nd period - Gustav Nyquist wins face-off versus Eric Staal in Sharks zone.
4:17 of 2nd period - Slapshot by Wayne Simmonds.
4:17 of 2nd period - Shot Misses the Net.
4:34 of 2nd period - Markus Nutivaara is hit by Kyle Palmieri and loses puck.
4:55 of 2nd period - Drew Doughty is hit by Colby Robak and loses puck.
5:17 of 2nd period - Off-side.
5:18 of 2nd period - Eric Staal wins face-off versus Boone Jenner in neutral zone.
6:01 of 2nd period - Penalty Shot by Erik Johnson for Flames.
6:01 of 2nd period - Wrist shot by Erik Johnson.
6:01 of 2nd period - Stopped by Philipp Grubauer.
6:02 of 2nd period - Eric Staal wins face-off versus Boone Jenner in Flames zone.
6:07 of 2nd period - Ronalds Kenins is hit by Eric Staal and loses puck.
6:16 of 2nd period - Slapshot by Wayne Simmonds.
6:16 of 2nd period - Shot Misses the Net.
6:18 of 2nd period - Slapshot by Mike Lundin.
6:18 of 2nd period - Stopped by Christopher Gibson without a rebound.
6:19 of 2nd period - Patrik Berglund wins face-off versus Oscar Sundqvist in Flames zone.
6:44 of 2nd period - Sami Vatanen is hit by Drew Doughty.
6:48 of 2nd period - Snap shot by Eric Staal.
6:48 of 2nd period - Shot Misses the Net.
7:52 of 2nd period - Slapshot by Tyler Cuma.
7:52 of 2nd period - Deflect By Conor Sheary.
7:52 of 2nd period - Shot Blocked by Colby Robak.
7:52 of 2nd period - Puck is out of play.
7:53 of 2nd period - Colin Wilson wins face-off versus Oscar Sundqvist in Flames zone.
8:04 of 2nd period - Wrist shot by Conor Sheary.
8:04 of 2nd period - Stopped by Christopher Gibson without a rebound.
8:05 of 2nd period - Eric Staal wins face-off versus Oscar Sundqvist in Flames zone.
8:16 of 2nd period - Snap shot by Eric Staal.
8:16 of 2nd period - Shot Misses the Net.
8:18 of 2nd period - Wrist shot by Erik Johnson.
8:18 of 2nd period - Shot Hit the Post.
8:20 of 2nd period - Snap shot by Brad Marchand.
8:20 of 2nd period - Stopped by Philipp Grubauer with a rebound.
8:22 of 2nd period - Slapshot by Sami Vatanen.
8:22 of 2nd period - Shot Blocked by Oscar Sundqvist.
8:32 of 2nd period - Ronalds Kenins is hit by Patrik Berglund and loses puck.
9:15 of 2nd period - Snap shot by Daniel Carcillo.
9:15 of 2nd period - Shot Misses the Net.
9:17 of 2nd period - Slapshot by Markus Nutivaara.
9:17 of 2nd period - Stopped by Christopher Gibson without a rebound.
9:18 of 2nd period - Gustav Nyquist wins face-off versus Eric Staal in Flames zone.
9:23 of 2nd period - Slapshot by Daniel Carcillo.
9:23 of 2nd period - Stopped by Christopher Gibson with a rebound.
9:25 of 2nd period - Snap shot by Daniel Carcillo.
9:25 of 2nd period - Deflect By Vince Hinostroza.
9:25 of 2nd period - Shot Blocked by David Savard.
9:25 of 2nd period - Puck is out of play.
9:26 of 2nd period - Eric Staal wins face-off versus Wayne Simmonds in Flames zone.
10:18 of 2nd period - Snap shot by Colin Wilson.
10:18 of 2nd period - Shot Misses the Net.
10:43 of 2nd period - Drew Doughty is hit by Eric Staal and loses puck.
10:46 of 2nd period - Wrist shot by Mike Lundin.
10:46 of 2nd period - Shot Misses the Net.
10:48 of 2nd period - Snap shot by Beau Bennett.
10:48 of 2nd period - Stopped by Christopher Gibson without a rebound.
10:49 of 2nd period - Boone Jenner wins face-off versus Eric Staal in Flames zone.
10:50 of 2nd period - Wrist shot by Ronalds Kenins.
10:50 of 2nd period - Shot Misses the Net.
10:52 of 2nd period - Slapshot by Boone Jenner.
10:52 of 2nd period - Stopped by Christopher Gibson with a rebound.
11:04 of 2nd period - Snap shot by Boone Jenner.
11:04 of 2nd period - Shot Blocked by Brad Marchand.
11:10 of 2nd period - Minor Penalty to Brad Marchand for Roughing.
11:11 of 2nd period - Patrik Berglund wins face-off versus Boone Jenner in Flames zone.
11:24 of 2nd period - Wrist shot by Ronalds Kenins.
11:24 of 2nd period - Stopped by Christopher Gibson without a rebound.
11:25 of 2nd period - Patrik Berglund wins face-off versus Boone Jenner in Flames zone.
13:10 of 2nd period - Penalty to Brad Marchand is over, Brad Marchand is back on ice.
13:23 of 2nd period - Brad Marchand is hit by Beau Bennett and loses puck.
14:21 of 2nd period - Boone Jenner is hit by Brad Marchand and loses puck.
14:31 of 2nd period - Off-side.
14:32 of 2nd period - Anders Lee wins face-off versus Gustav Nyquist in neutral zone.
14:35 of 2nd period - Drew Doughty is hit by Esa Lindell and loses puck.
14:55 of 2nd period - Off-side.
14:56 of 2nd period - Jimmy Hayes wins face-off versus Oscar Sundqvist in neutral zone.
14:59 of 2nd period - Slapshot by Colby Robak.
14:59 of 2nd period - Shot Misses the Net.
15:05 of 2nd period - Slapshot by Markus Nutivaara.
15:05 of 2nd period - Shot Misses the Net.
15:07 of 2nd period - Slapshot by Zach Parise.
15:07 of 2nd period - Shot Blocked by David Savard.
16:30 of 2nd period - Slapshot by Drew Doughty.
16:30 of 2nd period - Shot Blocked by Erik Johnson.
16:32 of 2nd period - Snap shot by Oscar Sundqvist.
16:32 of 2nd period - Shot Hit the Post.
16:34 of 2nd period - Backhand shot by Oscar Sundqvist.
16:34 of 2nd period - Stopped by Christopher Gibson with a rebound.
16:36 of 2nd period - Snap shot by Zach Parise.
16:36 of 2nd period - Shot Misses the Net.
16:50 of 2nd period - Wrist shot by Wayne Simmonds.
16:50 of 2nd period - Shot Blocked by Sami Vatanen.
16:52 of 2nd period - Slapshot by Markus Nutivaara.
16:52 of 2nd period - Shot Misses the Net.
16:54 of 2nd period - Backhand shot by Wayne Simmonds.
16:54 of 2nd period - Goal by Wayne Simmonds - Flames : 0 - Sharks : 2.
16:55 of 2nd period - Ronalds Kenins wins face-off versus Eric Staal in neutral zone.
17:04 of 2nd period - Wrist shot by Wayne Simmonds.
17:04 of 2nd period - Stopped by Christopher Gibson with a rebound.
17:29 of 2nd period - Wrist shot by Tanner Pearson.
17:29 of 2nd period - Stopped by Philipp Grubauer without a rebound.
17:30 of 2nd period - Patrik Berglund wins face-off versus Boone Jenner in Sharks zone.
17:41 of 2nd period - Wrist shot by Ronalds Kenins.
17:41 of 2nd period - Stopped by Christopher Gibson without a rebound.
17:42 of 2nd period - Eric Staal wins face-off versus Boone Jenner in Flames zone.
18:09 of 2nd period - Jimmy Hayes is hit by Mike Lundin and loses puck.
18:16 of 2nd period - Snap shot by Beau Bennett.
18:16 of 2nd period - Shot Blocked by Jimmy Hayes.
18:22 of 2nd period - Wrist shot by Beau Bennett.
18:22 of 2nd period - Stopped by Christopher Gibson without a rebound.
18:23 of 2nd period - Eric Staal wins face-off versus Boone Jenner in Flames zone.
18:30 of 2nd period - Slapshot by Brad Marchand.
18:30 of 2nd period - Shot Hit the Post.
18:34 of 2nd period - Snap shot by Bryan Rust.
18:34 of 2nd period - Shot Misses the Net.
18:36 of 2nd period - Slapshot by Esa Lindell.
18:36 of 2nd period - Deflect By Tyler Cuma.
18:36 of 2nd period - Stopped by Philipp Grubauer with a rebound.
19:06 of 2nd period - Minor Penalty to Kevin Labanc for Holding.
19:07 of 2nd period - Oscar Sundqvist wins face-off versus Patrik Berglund in Flames zone.
19:17 of 2nd period - Snap shot by Conor Sheary.
19:17 of 2nd period - Shot Blocked by Erik Johnson.
19:19 of 2nd period - Slapshot by Mike Lundin.
19:19 of 2nd period - Shot Blocked by Sami Vatanen.
19:21 of 2nd period - Slapshot by Conor Sheary.
19:21 of 2nd period - Stopped by Christopher Gibson with a rebound.
19:23 of 2nd period - Slapshot by Drew Doughty.
19:23 of 2nd period - Deflect By Sami Vatanen.
19:23 of 2nd period - Stopped by Christopher Gibson without a rebound.
19:24 of 2nd period - Patrik Berglund wins face-off versus Boone Jenner in Flames zone.
Goals for this period are 0 for Flames vs 2 for Sharks.
Shots for this period are 3 for Flames vs 18 for Sharks.
3rd period
0:01 of 3rd period - Boone Jenner wins face-off versus Patrik Berglund in neutral zone.
0:28 of 3rd period - Minor Penalty to Mike Lundin for High sticking.
0:29 of 3rd period - Eric Staal wins face-off versus Boone Jenner in Sharks zone.
0:30 of 3rd period - Snap shot by Bryan Rust.
0:30 of 3rd period - Goal by Bryan Rust - Flames : 1 - Sharks : 2.
0:31 of 3rd period - Eric Staal wins face-off versus Boone Jenner in neutral zone.
0:36 of 3rd period - Snap shot by Bryan Rust.
0:36 of 3rd period - Stopped by Philipp Grubauer with a rebound.
1:06 of 3rd period - Penalty to Kevin Labanc is over, Kevin Labanc is back on ice.
1:18 of 3rd period - Snap shot by Patrik Berglund.
1:18 of 3rd period - Shot Hit the Post.
1:20 of 3rd period - Slapshot by Esa Lindell.
1:20 of 3rd period - Deflect By Brendan Gaunce.
1:20 of 3rd period - Stopped by Philipp Grubauer without a rebound.
1:21 of 3rd period - Boone Jenner wins face-off versus Eric Staal in Sharks zone.
1:21 of 3rd period - Boone Jenner is hit by Sami Vatanen.
1:41 of 3rd period - Snap shot by Kevin Labanc.
1:41 of 3rd period - Shot Blocked by Drew Doughty.
1:43 of 3rd period - Slapshot by Erik Johnson.
1:43 of 3rd period - Shot Misses the Net.
2:13 of 3rd period - Christian Folin is hit by Ronalds Kenins and loses puck.
2:28 of 3rd period - Penalty to Mike Lundin is over, Mike Lundin is back on ice.
3:12 of 3rd period - Snap shot by Eric Staal.
3:12 of 3rd period - Shot Misses the Net.
3:34 of 3rd period - Dion Phaneuf is hit by Jimmy Hayes.
3:58 of 3rd period - Snap shot by David Ullstrom.
3:58 of 3rd period - Stopped by Philipp Grubauer with a rebound.
4:00 of 3rd period - Slapshot by David Savard.
4:00 of 3rd period - Deflect By Zach Parise.
4:00 of 3rd period - Stopped by Philipp Grubauer without a rebound.
4:01 of 3rd period - Oscar Sundqvist wins face-off versus Colin Wilson in Sharks zone.
4:38 of 3rd period - Wrist shot by Wayne Simmonds.
4:38 of 3rd period - Shot Misses the Net.
4:40 of 3rd period - Wrist shot by Boone Jenner.
4:40 of 3rd period - Stopped by Christopher Gibson with a rebound.
5:22 of 3rd period - Slapshot by Gustav Nyquist.
5:22 of 3rd period - Shot Misses the Net.
6:18 of 3rd period - Drew Doughty is hit by Jimmy Hayes and loses puck.
7:05 of 3rd period - Conor Sheary is hit by Sami Vatanen and loses puck.
9:20 of 3rd period - Wrist shot by Patrik Berglund.
9:20 of 3rd period - Shot Misses the Net.
9:22 of 3rd period - Slapshot by Erik Johnson.
9:22 of 3rd period - Shot Blocked by Gustav Nyquist.
9:32 of 3rd period - Vince Hinostroza is hit by David Savard.
9:45 of 3rd period - David Savard is hit by Vince Hinostroza and loses puck.
10:11 of 3rd period - Erik Johnson is hit by Connor Murphy.
10:33 of 3rd period - Snap shot by Daniel Carcillo.
10:33 of 3rd period - Stopped by Christopher Gibson without a rebound.
10:34 of 3rd period - Eric Staal wins face-off versus Boone Jenner in Flames zone.
11:09 of 3rd period - Off-side.
11:10 of 3rd period - Eric Staal wins face-off versus Oscar Sundqvist in neutral zone.
11:18 of 3rd period - Wrist shot by Zach Parise.
11:18 of 3rd period - Stopped by Christopher Gibson with a rebound.
11:26 of 3rd period - Snap shot by Bryan Rust.
11:26 of 3rd period - Shot Blocked by Drew Doughty.
11:45 of 3rd period - Wrist shot by Jimmy Hayes.
11:45 of 3rd period - Stopped by Philipp Grubauer with a rebound.
11:50 of 3rd period - Icing by Ronalds Kenins.
11:51 of 3rd period - Eric Staal wins face-off versus Boone Jenner in Sharks zone.
11:54 of 3rd period - Wrist shot by Brad Marchand.
11:54 of 3rd period - Shot Misses the Net.
12:37 of 3rd period - Drew Doughty is hit by Tanner Pearson and loses puck.
12:42 of 3rd period - Snap shot by Wayne Simmonds.
12:42 of 3rd period - Shot Misses the Net.
12:52 of 3rd period - Snap shot by Ronalds Kenins.
12:52 of 3rd period - Deflect By Wayne Simmonds.
12:52 of 3rd period - Stopped by Christopher Gibson without a rebound.
12:53 of 3rd period - Bryan Rust wins face-off versus Oscar Sundqvist in Flames zone.
12:53 of 3rd period - Bryan Rust is hit by Tyler Cuma.
12:59 of 3rd period - Slapshot by Erik Johnson.
12:59 of 3rd period - Stopped by Philipp Grubauer without a rebound.
13:00 of 3rd period - Eric Staal wins face-off versus Oscar Sundqvist in Sharks zone.
13:01 of 3rd period - Snap shot by Brad Marchand.
13:01 of 3rd period - Stopped by Philipp Grubauer with a rebound.
13:06 of 3rd period - Off-side.
13:07 of 3rd period - Eric Staal wins face-off versus Oscar Sundqvist in neutral zone.
13:14 of 3rd period - Backhand shot by Bryan Rust.
13:14 of 3rd period - Stopped by Philipp Grubauer with a rebound.
13:36 of 3rd period - Icing by Andreas Martinsen.
13:37 of 3rd period - Brendan Gaunce wins face-off versus Patrik Berglund in Sharks zone.
13:42 of 3rd period - Jimmy Hayes is hit by Brendan Gaunce.
13:48 of 3rd period - Snap shot by Jimmy Hayes.
13:48 of 3rd period - Stopped by Philipp Grubauer without a rebound.
13:49 of 3rd period - Wayne Simmonds wins face-off versus Eric Staal in Sharks zone.
14:40 of 3rd period - Slapshot by Esa Lindell.
14:40 of 3rd period - Deflect By Jake DeBrusk.
14:40 of 3rd period - Shot Misses the Net.
14:40 of 3rd period - Puck is out of play.
14:41 of 3rd period - Boone Jenner wins face-off versus Bryan Rust in Sharks zone.
14:56 of 3rd period - Wrist shot by Brad Marchand.
14:56 of 3rd period - Deflect By Bryan Rust.
14:56 of 3rd period - Stopped by Philipp Grubauer with a rebound.
14:58 of 3rd period - Slapshot by Christian Folin.
14:58 of 3rd period - Stopped by Philipp Grubauer without a rebound.
14:59 of 3rd period - Patrik Berglund wins face-off versus Oscar Sundqvist in Sharks zone.
15:26 of 3rd period - Boone Jenner is hit by Jake DeBrusk and loses puck.
15:47 of 3rd period - Snap shot by Brendan Gaunce.
15:47 of 3rd period - Shot Misses the Net.
15:49 of 3rd period - Slapshot by Dion Phaneuf.
15:49 of 3rd period - Deflect By Eric Staal.
15:49 of 3rd period - Stopped by Christopher Gibson without a rebound.
15:50 of 3rd period - Eric Staal wins face-off versus Beau Bennett in Flames zone.
16:24 of 3rd period - Slapshot by Tyler Cuma.
16:24 of 3rd period - Shot Blocked by Erik Johnson.
17:03 of 3rd period - Snap shot by Tanner Pearson.
17:03 of 3rd period - Deflect By Patrik Berglund.
17:03 of 3rd period - Shot Hit the Post.
17:03 of 3rd period - Puck is out of play.
17:04 of 3rd period - Brendan Gaunce wins face-off versus Jimmy Hayes in Sharks zone.
17:21 of 3rd period - Snap shot by Brendan Gaunce.
17:21 of 3rd period - Stopped by Christopher Gibson with a rebound.
18:21 of 3rd period - Sami Vatanen is hit by Wayne Simmonds and loses puck.
19:04 of 3rd period - Minor Penalty to Wayne Simmonds for Tripping.
19:05 of 3rd period - Boone Jenner wins face-off versus Eric Staal in Sharks zone.
19:20 of 3rd period - Flames, Christopher Gibson is pulled from the net.
19:20 of 3rd period - Wrist shot by Esa Lindell.
19:20 of 3rd period - Goal by Esa Lindell - Flames : 2 - Sharks : 2.
19:20 of 3rd period - Christopher Gibson from Flames was sent back in the game.
19:21 of 3rd period - Brendan Gaunce wins face-off versus Colin Wilson in neutral zone.
19:34 of 3rd period - Snap shot by Beau Bennett.
19:34 of 3rd period - Shot Blocked by Erik Johnson.
19:36 of 3rd period - Slapshot by Drew Doughty.
19:36 of 3rd period - Deflect By Erik Johnson.
19:36 of 3rd period - Sharks goal is going for a video replay.
19:36 of 3rd period - The goal is good.
19:36 of 3rd period - Goal by Drew Doughty - Flames : 2 - Sharks : 3.
19:37 of 3rd period - Eric Staal wins face-off versus Boone Jenner in neutral zone.
19:42 of 3rd period - Flames, Christopher Gibson is pulled from the net.
19:46 of 3rd period - Snap shot by Bryan Rust.
19:46 of 3rd period - Shot Misses the Net.
19:48 of 3rd period - Snap shot by Brad Marchand.
19:48 of 3rd period - Stopped by Philipp Grubauer with a rebound.
19:52 of 3rd period - Wrist shot by Eric Staal.
19:52 of 3rd period - Shot Misses the Net.
19:54 of 3rd period - Slapshot by Brad Marchand.
19:54 of 3rd period - Deflect By Bryan Rust.
19:54 of 3rd period - Stopped by Philipp Grubauer without a rebound.
19:55 of 3rd period - Lindy Ruff call a timeout for Flames.
19:55 of 3rd period - Eric Staal wins face-off versus Wayne Simmonds in Sharks zone.
Goals for this period are 2 for Flames vs 1 for Sharks.
Shots for this period are 15 for Flames vs 7 for Sharks.